 Dungeon Crawl Stone Soup version 0.27.1-4-g1640c2035a (webtiles) character file.

Game seed: 15171452416197609050

135 Eitelfritz the Slasher (level 4, -3/34 HPs)
             Began as a Demonspawn Gladiator on Nov 1, 2021.
             Slain by an orc warrior (15 damage)
             ... on level 4 of the Dungeon.
             The game lasted 00:05:19 (2914 turns).

Eitelfritz the Slasher (Demonspawn Gladiator)       Turns: 2914, Time: 00:05:19

Health: -3/34      AC:  5    Str: 15    XL:     4   Next: 97%
Magic:  4/4        EV: 11    Int: 10    God:
Gold:   122        SH:  0    Dex: 14    Spells: 3/3 levels left

rFire    . . .     SeeInvis .   a - +0 long sword
rCold    . . .     Faith    .   (no shield)
rNeg     . . .     Spirit   .   i - +0 ring mail
rPois    .         Reflect  .   (helmet restricted)
rElec    .         Harm     .   (no cloak)
rCorr    .         Rampage  .   (no gloves)
Will     .....                  (no boots)
Stlth    +.........             (no amulet)
HPRegen  0.11/turn              (no ring)
MPRegen  0.09/turn              (no ring)

@: no status effects
A: antennae 1, spiny 2
a: no special abilities


You were on level 4 of the Dungeon.
You visited 1 branch of the dungeon, and saw 4 of its levels.

You collected 122 gold pieces.

Inventory:

Hand Weapons
 a - a +0 long sword (weapon)
Missiles
 d - 3 throwing nets (quivered)
 j - 11 poisoned darts
Armour
 b - a +0 chain mail
 i - a +0 ring mail (worn)
Wands
 n - a wand of paralysis (5)
Scrolls
 f - 2 scrolls of noise {unknown}
 h - a scroll of acquirement {unknown}
 k - 4 scrolls of identify {unknown}
 m - a scroll of immolation {unknown}
Potions
 e - 3 potions of degeneration {unknown}
 g - a potion of might {unknown}
 l - a potion of magic {unknown}
 o - a potion of curing {unknown}
 p - a potion of haste {unknown}
 q - a potion of attraction {unknown}


   Skills:
 + Level 2.5 Fighting
 + Level 4.1 Long Blades
 + Level 1.8 Throwing
 + Level 1.4 Armour
 + Level 3.3 Dodging
 + Level 0.4 Stealth


You had 3 spell levels left.
You didn't know any spells.
Your spell library contained the following spells:

 Spells                   Type           Power      Damage    Failure   Level
 Conjure Flame            Conj/Fire      0%         6-21      91%         3
 Dazzling Flash           Conj/Hex       0%         N/A       91%         3
 Ignite Poison            Fire/Tmut/Pois 0%         N/A       91%         3
 Ozocubu's Armour         Ice            0%         N/A       91%         3
 Sticky Flame             Conj/Fire      0%         2d3       100%        4
 Agony                    Necr           0%         N/A       100%        5
 Metabolic Englaciation   Hex/Ice        0%         N/A       100%        5
 Silence                  Hex/Air        0%         N/A       100%        5
 Simulacrum               Ice/Necr       0%         N/A       100%        6


Dungeon Overview and Level Annotations

Branches:
Dungeon (4/15)
 Temple: D:4-7

Altars:
Ashenzari
Fedhas
Wu Jian

Annotations:
D:3 exclusion: oklob plant


Innate Abilities, Weirdness & Mutations

You have a pair of small antennae on your head.
You are mostly covered in sharp spines.


Message History

The ogre is struck by your spines. The ogre barely misses you.
You barely miss the ogre.
The ogre is almost dead.
The ogre hits you with a +0 giant club!
You hit the ogre but do no damage.
The ogre is almost dead.
The ogre hits you with a +0 giant club.
You hit the ogre.
You kill the ogre!
Your Long Blades skill increases to level 4!
Your Armour skill increases to level 1!
You have reached level 4!
You feel clever.
Your demonic ancestry asserts itself...
A pair of antennae grows on your head!
Your +0 helmet falls away!
Things that are here:
a +0 giant club; an ogre corpse Drop what? 17/52 slots (_ for help) (? for menu, Esc to quit)
You drop a +0 helmet.
HP restored.
Partly explored, can't reach some places.
There is a stone staircase leading down, spattered with blood here.
You climb downwards.
The orc shouts!
You hear an angry hiss.
The bullfrog zombie is struck by your spines.
The bullfrog zombie hits you. The orc hits you with a +0 whip.
The orc warrior is struck by your spines.
The orc warrior hits you with a +0 scimitar!
The goblin closely misses you.
You riposte.
You closely miss the goblin. The bullfrog zombie closely misses you.
The orc is struck by your spines. The orc barely misses you.
The orc warrior hits you with a +0 scimitar!
An orc comes into view. It is wielding a +0 short sword.
The orc shouts!
There is a stone staircase leading up, spattered with blood here.
The bullfrog zombie is struck by your spines.
The bullfrog zombie hits you. The goblin is struck by your spines.
You kill the goblin!
The orc warrior hits you with a +0 scimitar!
You die...

.... .... ..
...###.... .g.
###.......#.
...# ...^...?...
##..# ..#.......
#..... #.#.....#
#.....##.......#
#......@Z.....#
####..oo).......
#.......#.....
.....o...o##
.... .....$o##.#
... .....#. ...
.. .....#. ....
. .... #o .....
.... .. ....


You could see an orc warrior, 5 orcs and a bullfrog zombie.

Vanquished Creatures
  An ogre (D:3)
  An adder (D:2)
  A dart slug (D:3)
  An orc (D:3)
  6 ball pythons
  3 endoplasms
  A giant cockroach (D:3)
  5 goblins
  3 hobgoblins
  2 jackals (D:1)
  3 kobolds
  4 quokkas
  2 bats
  4 frilled lizards
  2 rats
39 creatures vanquished.

Notes
Turn   | Place    | Note
-------+----------+-------------------------------------------
     0 | D:1      | Eitelfritz the Demonspawn Gladiator began the quest for the
                  | Orb.
     0 | D:1      | Reached XP level 1. HP: 16/16 MP: 1/1
   136 | D:1      | Reached skill level 3 in Long Blades
   138 | D:1      | Gained mutation: You are partially covered in sharp spines.
                  | [demonic ancestry]
   138 | D:1      | Reached XP level 2. HP: 22/22 MP: 2/2
  1009 | D:2      | Found a faded altar of an unknown god.
  1258 | D:2      | Gained mutation: You are mostly covered in sharp spines.
                  | [demonic ancestry]
  1258 | D:2      | Reached XP level 3. HP: 24/27 MP: 3/3
  1769 | D:3      | Found a broken altar of Ashenzari.
  1839 | D:3      | Found an ornate altar of the Wu Jian Council.
  2455 | D:3      | Found a blossoming altar of Fedhas.
  2475 | D:3      | Noticed an oklob plant
  2741 | D:4      | Noticed an orc warrior
  2741 | D:4      | Noticed an ogre
  2754 | D:3      | Killed an ogre
  2755 | D:3      | Reached skill level 4 in Long Blades
  2755 | D:3      | Reached skill level 1 in Armour
  2755 | D:3      | Gained mutation: You have a pair of small antennae on your
                  | head. [demonic ancestry]
  2755 | D:3      | Reached XP level 4. HP: 16/34 MP: 4/4
  2914 | D:4      | Slain by an orc warrior

Illustrated notes

Levels and vault maps discovered:
D:1:      minmay_arrival_semitransparent, layout_loops_ring,
          serial_co_window_serial, co_window_paths_a, co_window_paths_b,
          co_window_of_opportunity_a, co_window_paths_a, co_window_paths_a,
          co_window_corner_b, co_window_2corner, co_window_corner_cb,
          co_window_corner_b, co_window_4corner_a, dk_noncrumbling_3
D:2:      layout_basic, ebering_ecumenical_altar_abandoned,
          kennysheep_generic_room_15
D:3:      layout_basic, tgw_fedhas, lemuel_crystal_altar,
          evilmike_ruin_ashenzari, minmay_vboxes
D:4:      layout_cave_pools, makhleb_blood_cavern_becter

Skill      XL: |  1  2  3 |
---------------+----------+-----
Long Blades    | 3 4 |  4.1
Dodging        | 3 |  3.3
Armour         | 1 |  1.4
Fighting       | |  2.5
Throwing       | |  1.8
Stealth        | |  0.4

Action                   |  1- 3 |  4- 6 || total
-------------------------+-------+-------++-------
Melee: Long sword        |    75 |       ||    75
Armor: Leather armour    |    11 |       ||    11
       Ring mail         |    12 |       ||    12
Dodge: Dodged            |    43 |     3 ||    46
       Rpst.: Long sword |    18 |     1 ||    19
